 Dungeon Crawl Stone Soup version 0.30-a0-760-g5a9884bb7c (webtiles) character file.

Game seed: 6494542811464080100

30 sircluck the Insei (level 3, 0/28 HPs)
             Began as a Meteoran Transmuter on Feb 10, 2023.
             Slain by a scorpion (5 damage)
             ... on level 5 of the Dungeon.
             The game lasted 00:01:26 (427 turns).

sircluck the Insei (Meteoran Transmuter)             Turns: 427, Time: 00:01:27

Health: 0/28       AC:  2    Str: 12    XL:     3   Next: 55%
Magic:  8/8        EV: 13    Int: 16    God:
Gold:   16         SH:  0    Dex: 14    Spells: 6/7 levels left

rFire   . . .      SeeInvis .      - Unarmed
rCold   . . .      Faith    .    (no shield)
rNeg    . . .      Spirit   .    a - +0 robe
rPois   .          Reflect  .    (no helmet)
rElec   .          Harm     .    (no cloak)
rCorr   .          Rampage  .    (no gloves)
Will    .....                    (no boots)
Stlth   +                        (no amulet)
HPRegen 0.24/turn                (no ring)
MPRegen 0.11/turn                (no ring)

@: glowing
A: sense surroundings 1, otherworldly, glowing, explore regen
a: no special abilities


You were on level 5 of the Dungeon.
You visited 1 branch of the dungeon, and saw 5 of its levels.

You collected 16 gold pieces.

Inventory:

Missiles
 d - 14 stones
Armour
 a - a +0 robe (worn)
Scrolls
 c - a scroll of fear {unknown}
 e - a scroll of poison {unknown}
 f - a scroll of vulnerability {unknown}
 h - a scroll of identify {unknown}
Potions
 b - a potion of lignification
 g - a potion of heal wounds {unknown}


   Skills:
 + Level 1.1 Fighting
 + Level 3.5 Dodging
 + Level 4.2 Unarmed Combat
 + Level 2.9 Spellcasting
 + Level 2.5 Transmutations


You had 6 spell levels left.
You knew the following spells:

 Your Spells              Type           Power      Damage    Failure   Level
a - Beastly Appendage     Tmut           20%        N/A       7%          1

Your spell library contained the following spells:

 Spells                   Type           Power      Damage    Failure   Level
 Wereblood                Tmut           10%        N/A       11%         2
 Apportation              Tloc           4%         N/A       19%         1
 Freeze                   Ice            8%         1d3       19%         1
 Necrotise                Necr           8%         1d4       19%         1
 Summon Small Mammal      Summ           8%         N/A       19%         1
 Spider Form              Tmut/Pois      6%         N/A       34%         3
 Frozen Ramparts          Ice            4%         1d1       50%         3
 Hailstorm                Conj/Ice       2%         3d3       50%         3
 Ice Form                 Ice/Tmut       6%         N/A       75%         4


Dungeon Overview and Level Annotations

Branches:
Dungeon (5/15) Zot: 2577
 Temple: D:4-7

Altars:

Shops:
D:4 ?


Innate Abilities, Weirdness & Mutations

You passively map a small area around you.
You are easily found by Zot.
You glow in the dark.
You regain HP and MP as you explore.


Message History

Found Ahoziyffon's Magic Scroll Shoppe.
There is an entrance to Ahoziyffon's Magic Scroll Shoppe here.
There is an entrance to Ahoziyffon's Magic Scroll Shoppe here.
There is an entrance to Ahoziyffon's Magic Scroll Shoppe here.
Found a stone staircase leading down.
Found a falchion.
There is a stone staircase leading down here.
You climb downwards.
Found 15 gold pieces.
There is a stone staircase leading up here.
A scorpion comes into view.
The orc hits you with a +0 club.
You closely miss the orc. You closely miss the orc. The orc closely misses you.
You barely miss the orc. The orc hits you with a +0 club.
You hit the scorpion but do no damage. The orc hits you but does no damage.
The scorpion stings you.
You hit the scorpion.
The scorpion is lightly wounded.
The orc misses you. The scorpion stings you.
You hit the scorpion but do no damage. Your punch misses the scorpion.
The scorpion is lightly wounded.
The orc barely misses you. The scorpion stings you.
You are too injured to fight recklessly!
You are too injured to fight recklessly!
You are too injured to fight recklessly!
You are too injured to fight recklessly!
You are too injured to fight recklessly!
You are too injured to fight recklessly!
You are too injured to fight recklessly!
You are too injured to fight recklessly!
You are too injured to fight recklessly!
You are too injured to fight recklessly!
The scorpion attacks as you move away! The scorpion stings you.
The scorpion attacks as you move away! The scorpion stings you.
* * * LOW HITPOINT WARNING * * *
The scorpion misses you.
There is a stone staircase leading up here.
The scorpion attacks as you move away! The scorpion stings you.
You die...

, , , , ,..#, ,
..#., ,* .....
, #+
######.≈≈≈≈ ~ *
*#. #......≈...
* *#.
#......≈.≈≈ ,
#.##........≈.
#.@o......≈.≈.
#..s.$....≈.≈.
#.........≈.≈≈
,
*#.#+#####.≈...
...* * .≈≈≈≈ ~
#### * .... *
##. , * ,~ ,


You could see a scorpion and an orc.

Vanquished Creatures
  2 adders
  2 ball pythons (D:1)
  2 bats
  A goblin (D:1)
  2 kobolds (D:1)
  4 rats
13 creatures vanquished.

Notes
Turn   | Place    | Note
-------+----------+-------------------------------------------
     0 | D:1      | sircluck the Meteoran Transmuter began the quest for the
                  | Orb.
     0 | D:1      | Reached XP level 1. HP: 16/16 MP: 5/5
   117 | D:1      | Reached XP level 2. HP: 19/23 MP: 6/6
   143 | D:1      | Reached skill level 4 in Unarmed Combat
   249 | D:3      | Reached XP level 3. HP: 21/28 MP: 8/8
   363 | D:4      | Found Ahoziyffon's Magic Scroll Shoppe.
   413 | D:5      | Entered Level 5 of the Dungeon
   415 | D:5      | Noticed a scorpion
   427 | D:5      | Slain by a scorpion

Illustrated notes

Levels and vault maps discovered:
D:1:      dpeg_arrival_three_bigger_balls, layout_basic, serial_shops,
          nicolae_lakefront_shop, serial_glass, glass_columns_b,
          glass_columns_b, glass_columns_c, glass_columns_a, glass_columns_a,
          glass_columns_c, glass_columns_a, glass_columns_b, glass_columns_a,
          glass_columns_a, glass_columns_a, glass_columns_a, glass_columns_b,
          glass_columns_a
D:2:      layout_rooms, dilly_guarded_unrand_morg, uniq_robin, uniq_natasha
D:3:      layout_loops_cross, lemuel_coloured_pillars_altar,
          hellmonk_ecumenical_altar_leap_of_faith
D:4:      layout_loops_corners, mainiacjoe_overflow_swirl, serial_rivers,
          chequers_serial_rivers_room_b, chequers_serial_rivers_large_b,
          chequers_serial_rivers_micro_e, chequers_serial_rivers_small_b,
          serial_shops, kennysheep_little_box, nicolae_stop_n_shop_2, shop,
          nicolae_take_the_stairs
D:5:      layout_basic, mainiacjoe_overflow_concentric_impassable,
          nicolae_overflow_crystal_walls, kennysheep_slug_shrine,
          minmay_misc_feat_iff

Skill      XL: |  1  2 |
---------------+-------+-----
Unarmed Combat | 4 |  4.2
Dodging        | 3 |  3.5
Fighting       | |  1.1
Spellcasting   | |  2.9
Transmutations | |  2.5

Action                     || total
---------------------------++-------
  Melee: Unarmed           ||    58
 Armour: Robe              ||    10
  Dodge: Dodged            ||    40

Table legend: (Time is in decaauts)
 A = Elapsed time spent in this place.
 B = Non-inter-level travel time spent in this place.
 C = Inter-level travel time spent in this place.
 D = Time resting spent in this place.
 E = Time spent auto-exploring this place.
 F = Levels seen in this place.
 G = Mean time per level.
                   A        B        C        D        E       F      G
               +--------+--------+--------+--------+--------+-----+--------+
         Total |    422 |    404 |     18 |      0 |    184 |   5 |   84.4 |
       Dungeon |    422 |    404 |     18 |      0 |    184 |   5 |   84.4 |
               +--------+--------+--------+--------+--------+-----+--------+

Top non-repeatable levels by time:
     D:1: 219 daAuts
     D:4: 142 daAuts
     D:3: 25 daAuts
     D:2: 21 daAuts
     D:5: 13 daAuts
